 Dungeon Crawl Stone Soup version 0.31-a0-799-g6bc09d010c (webtiles) character file.

Game seed: 16762692113336717680

13 ytrimaz the Changeling (level 2, -1/18 HPs)
             Began as an Octopode Shapeshifter on Sept 19, 2023.
             Slain by a kobold
             ... wielding a +0 short sword
              (4 damage)
             ... on level 1 of the Dungeon.
             The game lasted 00:00:18 (215 turns).

ytrimaz the Changeling (Octopode Shapeshifter)       Turns: 215, Time: 00:00:18

Health: -1/18      AC:  1    Str: 13    XL:     2   Next: 37%
Magic:  2/2        EV: 13    Int: 12    God:
Gold:   0          SH:  0    Dex: 11    Spells: 1/1 levels left

rFire   . .          .
                       - Unarmed
rCold   . . .        (no shield)
rNeg    . . .        (helmet currently unavailable)
rPois   .            (no amulet)
rElec   .            (no ring)
rCorr   .            (no ring)
SInv    .            (no ring)
Will    .....        (no ring)
Stlth   +++          (no ring)
HPRegen 0.23/turn    (no ring)
MPRegen 0.08/turn    (no ring)
                     (no ring)

%: no passive effects
@: beast-form
A: beast (slay +1), almost no armour, amphibious, 8 rings, camouflage 1,
gelatinous body 1, (nimble swimmer 1), tentacles
a: Begin Untransformation


You were on level 1 of the Dungeon.
You were a hulking beast.
You visited 1 branch of the dungeon, and saw 1 of its levels.


Innate Abilities, Weirdness & Mutations

You are a hulking beast.
Your limbs bulge with bestial killing power. (Slay +1)
You cannot wear most types of armour.
You are amphibious.
You can wear up to eight rings at the same time.
Your skin changes colour to match your surroundings (Stealth+).
Your rubbery body absorbs attacks. (AC +1, EV +1)
((You are camouflaged when in or above water. (Stealth+)))
You have tentacles for arms and can constrict up to eight enemies at once.


   Skills:
 - Level 1.0 Fighting
 - Level 2.0 Dodging
 + Level 2.0 Stealth
 - Level 3.0 Unarmed Combat
 + Level 3.3 Shapeshifting


You had one spell level left.
You didn't know any spells.
Your spell library was empty.

Inventory:

Talismans
 b - a beast talisman (active)
 c - a flux talisman
Potions
 a - a potion of lignification

Dungeon Overview and Level Annotations

Branches:
Dungeon (1/15) Zot: 5785

Altars:

#.#.#.. ## #...#..##
#. ........ #.
#.#...r +. ...?.## #
#. #.#.. .#####.
#K.#########.......
#h††..............
#K##.$....########
#.r.+......'.......
#.#g.#......########
......+......# .#.
..##......# #
w..####......# ## .
#...#..# #...##.#


You could see a gnoll, a dart slug, 2 quokkas and 2 kobolds.


Message History

😕 HP[-2]
You take 2 damage, and now have 16/18 hp.
You barely miss the hobgoblin. Your grab misses the hobgoblin.
You squeeze the hobgoblin. The hobgoblin closely misses you.
You tentacle-slap the hobgoblin. Your grab misses the hobgoblin.
Your tentacle-slap misses the hobgoblin.
The hobgoblin closely misses you.
You tentacle-slap the hobgoblin.
You kill the hobgoblin! 😕 HP[+1] Unknown command.
Things that are here:
a hobgoblin corpse; a hobgoblin corpse A quokka comes into view. 😎 HP[+1]
Your hp is fully restored (18).
A quokka is nearby!
A quokka is nearby!
A quokka is nearby!
The helpless quokka fails to defend itself.
You tentacle-slap the quokka but do no damage.
Your grab misses the quokka. The quokka closely misses you.
Unknown command.
You tentacle-slap the quokka.
You kill the quokka!
No target in view!
You see here a quokka corpse.
You open the door.
No target in view!
There is an open door here.
As you open the door, it creaks loudly!
There is an open door here.
A kobold comes into view. It is wielding a +0 club.
A kobold is nearby!
The kobold throws a stone.
The stone hits you but does no damage.
A kobold is nearby!
There is an open door here.
A kobold is nearby!
The kobold closely misses you.
You barely miss the kobold. You grab the kobold. You squeeze the kobold.
You kill the kobold!
Things that are here:
a +0 club; 4 stones; a kobold corpse No target in view!
Unknown command.
No target in view!
You open the door.
There is an open door here.
You open the door.
There is an open door here.
A hobgoblin comes into view.
A hobgoblin is nearby!
A hobgoblin is nearby!
A hobgoblin is nearby!
A hobgoblin is nearby!
You see here 13 gold pieces.
A hobgoblin is nearby!
The hobgoblin shouts!
You hear a shout! x2
A rat comes into view.
You tentacle-slap the hobgoblin. You grab the hobgoblin.
You constrict the hobgoblin.
Unknown command.
You tentacle-slap the hobgoblin.
You kill the hobgoblin!
Your Stealth skill increases to level 2!
A kobold comes into view. It is wielding a +0 short sword.
You see here a hobgoblin corpse.
You bludgeon the rat!
You kill the rat!
A ball python and 2 quokkas come into view.
A kobold comes into view. It is wielding a +0 dagger.
A gnoll comes into view. It is wielding a +0 club.
A dart slug comes into view.
You see here a rat corpse.
The kobold hits you with a +0 dagger.
The kobold hits you with a +0 short sword.
The ball python hisses angrily. 😮 HP[-8]
You take 8 damage, and now have 10/18 hp.
MASSIVE DAMAGE!! (PAUSE)
You are too injured to fight recklessly!
Unknown command.
The gnoll shouts!
You tentacle-slap the ball python. Your grab misses the ball python.
Your squeeze misses the ball python. The ball python closely misses you.
The ball python misses you.
The kobold hits you with a +0 short sword.
* * * LOW HITPOINT WARNING * * *
The kobold hits you with a +0 dagger.
* * * LOW HITPOINT WARNING * * *
😱 HP[-6]
You take 6 damage, and now have 4/18 hp.
MASSIVE DAMAGE!! (PAUSE)
You closely miss the ball python. You grab the ball python.
You constrict the ball python.
You kill the ball python!
The kobold hits you with a +0 dagger.
* * * LOW HITPOINT WARNING * * *
The kobold hits you with a +0 short sword.
You die...

Skill      XL: |  1  2 |
---------------+-------+-----
Stealth        | 1 2 |  2.0
Fighting       | |  1.0
Dodging        | |  2.0
Unarmed Combat | |  3.0
Shapeshifting  | |  3.3

Action                     || total
---------------------------++-------
  Melee: Unarmed           ||    19
         Constrict         ||     6
         Tentacles         ||     4
   Stab: Sleeping          ||     3
 Armour: Skin              ||    10
  Dodge: Dodged            ||     8

Levels and vault maps discovered:
D:1:      wander_arrival_estate, layout_basic, nrook_loot_triangle,
          minmay_small_reverse_x

Notes
Turn   | Place    | Note
-------+----------+-------------------------------------------
     0 | D:1      | ytrimaz the Octopode Shapeshifter began the quest for the
                  | Orb.
     0 | D:1      | Reached XP level 1. HP: 13/13 MP: 1/1
     0 | D:1      | magus.rc [v1.9.6]
   123 | D:1      | Reached skill level 1 in Stealth
   142 | D:1      | Reached XP level 2. HP: 18/18 MP: 2/2
   210 | D:1      | Reached skill level 2 in Stealth
   214 | D:1      | HP: 4/18 [kobold/+0 dagger (3)]
   215 | D:1      | Slain by a kobold

Vanquished Creatures
  A dart slug (D:1)
  2 ball pythons (D:1)
  A goblin (D:1)
  3 hobgoblins (D:1)
  A kobold (D:1)
  A quokka (D:1)
  A rat (D:1)
10 creatures vanquished.

Table legend:
 A = Non-vault XP
 B = Vault XP
 C = Vault XP percentage of total XP
 D = Non-vault monster count
 E = Vault monster count
 F = Vault count percentage of total count
                 A         B        C        D         E       F
            +---------+---------+-------+---------+---------+-------
      Total |      20 |       1 |   4.8 |       9 |       1 |  10.0
            +---------+---------+-------+---------+---------+-------
        D:1 |      20 |       1 |   4.8 |       9 |       1 |  10.0
            +---------+---------+-------+---------+---------+-------

Skill      XL: |  1  2 |
---------------+-------+-----
Stealth        | 1 2 |  2.0
Fighting       | |  1.0
Dodging        | |  2.0
Unarmed Combat | |  3.0
Shapeshifting  | |  3.3

Action                     || total
---------------------------++-------
  Melee: Unarmed           ||    19
         Constrict         ||     6
         Tentacles         ||     4
   Stab: Sleeping          ||     3
 Armour: Skin              ||    10
  Dodge: Dodged            ||     8

Illustrated notes

Table legend:
 A = Kills in this place as a percentage of kills in the entire game.
 B = Kills by you in this place as a percentage of kills by you in the entire game.
 C = Kills by friends in this place as a percentage of kills by friends in the entire game.
 D = Other kills in this place as a percentage of other kills in the entire game.
 E = Experience gained in this place as a percentage of experience gained in the entire game.
 F = Experience gained in this place divided by the number of levels of this place that you have seen.
                   A       B       C       D       E      F
               +-------+-------+-------+-------+-------+----------------------
         Total | 100.0 | 100.0 |   N/A |   N/A | 100.0 |  21.0
       Dungeon | 100.0 | 100.0 |   N/A |   N/A | 100.0 |  21.0
               +-------+-------+-------+-------+-------+----------------------

Table legend: (Time is in decaauts)
 A = Elapsed time spent in this place.
 B = Non-inter-level travel time spent in this place.
 C = Inter-level travel time spent in this place.
 D = Time resting spent in this place.
 E = Time spent auto-exploring this place.
 F = Levels seen in this place.
 G = Mean time per level.
                   A        B        C        D        E       F      G
               +--------+--------+--------+--------+--------+-----+--------+
         Total |    213 |    213 |      0 |      0 |    151 |   1 |  213.0 |
       Dungeon |    213 |    213 |      0 |      0 |    151 |   1 |  213.0 |
               +--------+--------+--------+--------+--------+-----+--------+

Top non-repeatable levels by time:
     D:1: 213 daAuts
